 Dungeon Crawl Stone Soup version 0.29.1-15-g9cfb28693d (webtiles) character file.

Game seed: 5325102131550725481

126 hawla the Firebug (level 5, -7/38 HPs)
             Began as a Meteoran Fire Elementalist on May 1, 2023.
             Splashed by a jelly's acid (10 damage)
             ... on level 4 of the Dungeon.
             The game lasted 00:02:15 (166 turns).

hawla the Firebug (Meteoran Fire Elementalist)       Turns: 166, Time: 00:02:16

Health: -7/38      AC:  2    Str:  9    XL:     5   Next: 58%
Magic:  2/12       EV: 13    Int: 18    God:
Gold:   32         SH:  0    Dex: 15    Spells: 9/12 levels left

rFire   . . .      SeeInvis .   (no weapon)
rCold   . . .      Faith    .   (no shield)
rNeg    . . .      Spirit   .   a - +0 robe
rPois   .          Reflect  .   (no helmet)
rElec   .          Harm     .   (no cloak)
rCorr   .          Rampage  .   (no gloves)
Will    .....                   (no boots)
Stlth   +.........              (no amulet)
HPRegen 0.12/turn               (no ring)
MPRegen 0.13/turn               (no ring)

@: glowing
A: sense surroundings 1, otherworldly, glowing, explore regen
a: no special abilities


You were on level 4 of the Dungeon.
You visited 1 branch of the dungeon, and saw 4 of its levels.

You collected 32 gold pieces.

Inventory:

Armour
 a - a +0 robe (worn)


   Skills:
 + Level 3.1 Dodging
 - Level 1.4 Stealth
 + Level 4.0 Spellcasting
 + Level 1.8 Conjurations
 + Level 5.5 Fire Magic


You had 9 spell levels left.
You knew the following spells:

 Your Spells              Type           Power      Damage    Failure   Level
a - Foxfire               Conj/Fire      64%        2x1d7     3%          1
b - Scorch                Fire           46%        2d7       2%          2

Your spell library contained the following spells:

 Spells                   Type           Power      Damage    Failure   Level
 Conjure Flame            Conj/Fire      16%        6-21      10%         3
 Apportation              Tloc           6%         N/A       14%         1
 Inner Flame              Hex/Fire       13%        N/A       14%         3
 Flame Wave               Conj/Fire      16%        2d7       32%         4
 Ozocubu's Armour         Ice            3%         N/A       41%         3
 Alistair's Intoxication  Tmut/Pois      2%         N/A       99%         5
 Ozocubu's Refrigeration  Ice            1%         4d7       100%        7


Dungeon Overview and Level Annotations

Branches:
Dungeon (4/15) Zot: 2233
 Temple: D:4-7

Altars:

Shops:
D:2 (


Innate Abilities, Weirdness & Mutations

You passively map a small area around you.
You are easily found by Zot.
You glow in the dark.
You regain HP and MP as you explore.


Message History

The orc is severely wounded.
The orc's fire resistance burns away.
The orc hits you but does no damage.
Unknown command.
Casting: Scorch (safe; 2% risk of failure)
Confirm with . or Enter, or press ? or * to list all spells.
You conjure some foxfire!
The orc hits you with a +0 hand axe. The orc closely misses your foxfire.
The orc barely misses your foxfire.
You barely miss the orc.
The orc is severely wounded.
The foxfire hits the orc but does no damage.
The orc is severely wounded.
The foxfire hits the orc but does no damage.
The orc is severely wounded.
The orc hits you with a +0 hand axe.
* * * LOW HITPOINT WARNING * * *
Okay, then.
You aren't carrying any potions.
Casting: Foxfire (safe; 3% risk of failure)
Confirm with . or Enter, or press ? or * to list all spells.
Flames lash the jelly.
The jelly is heavily wounded.
The jelly's fire resistance burns away.
The orc is no longer more vulnerable to fire.
The orc closely misses you.
Casting: Scorch (safe; 2% risk of failure)
Confirm with . or Enter, or press ? or * to list all spells.
You conjure some foxfire!
The orc hits you with a +0 hand axe.
* * * LOW HITPOINT WARNING * * *
The orc hits your foxfire but does no damage.
The orc barely misses your foxfire.
You aren't carrying any potions.
As you read the scroll labelled BAMUIN UHIHE, it crumbles to dust.
You feel aware of your surroundings.
You sensed 1 shop/portal.
It was a scroll of magic mapping.
The foxfire hits the orc.
You kill the orc!
The foxfire hits the hobgoblin but does no damage.
The jelly hits you.
* * * LOW HITPOINT WARNING * * *
You are splashed with acid!
You die...

,,,,**#..#.#.........,,,,,,,,*,**
,,,,**#.......#####..,*****,**,,,
,,,,,,.......g# *,.^* *,,,,,,
,*****.....##J# *,,,* ****,,,
,,,,,,...##*#.# *,,,* ***,
,**,**...* #.#####,,,**** *,
,,,,,,..,#####.#..,,,,,,,* *,
,********#.....#.#******,* *,
,******.....[#)#@# *,*******,
,,,**,,.####.#gJ.# *,*,,,,,,,
****,,***,,.,#.#ยง# *,,,,,**,,
*,,**,,,#.,#.#.# *,,,,,**,*
**,**,,,,#,*#.#.# *,*,,***,*
*,,*,,,,**,*###.#******,*,,***,*
*,**,,,**,,* #..,,,,,,,*,,,,,,*
**,*,,,**,,*** ###**,******,*****
*,,*,***,,**,* *,,,,,,,**,,,****


You could see a jelly (combustible) and a hobgoblin.

Vanquished Creatures
  A black bear (D:4)
  A hound (D:4)
  A dart slug (D:2)
  2 orcs (D:4)
  An endoplasm (D:4)
  A goblin (D:4)
  A kobold (D:4)
  A ball python (D:4)
  A rat (D:2)
10 creatures vanquished.

Vanquished Creatures (others)
  27 foxfires
27 creatures vanquished.

Grand Total: 37 creatures vanquished

Notes
Turn   | Place    | Note
-------+----------+-------------------------------------------
     0 | D:1      | hawla the Meteoran Fire Elementalist began the quest for
                  | the Orb.
     0 | D:1      | Reached XP level 1. HP: 14/14 MP: 5/5
    16 | D:2      | Found Oleobeic's Weapon Shoppe.
    90 | D:4      | Reached XP level 2. HP: 20/20 MP: 4/6
    93 | D:4      | Learned a level 2 spell: Scorch
   132 | D:4      | Reached skill level 4 in Fire Magic
   135 | D:4      | Noticed a black bear
   141 | D:4      | Killed a black bear
   142 | D:4      | Reached skill level 5 in Fire Magic
   142 | D:4      | Reached XP level 3. HP: 26/26 MP: 0/9
   142 | D:4      | Reached XP level 4. HP: 33/33 MP: 0/10
   142 | D:4      | Reached XP level 5. HP: 38/38 MP: 0/11
   166 | D:4      | Splashed by a jelly's acid

Illustrated notes

Levels and vault maps discovered:
D:1:      dpeg_arrival_water_fire, layout_basic,
          hellmonk_ecumenical_altar_leap_of_faith
D:2:      layout_basic, serial_shops, shop, nicolae_shop_statue_plus, shop,
          uniq_sigmund
D:3:      layout_basic, nicolae_yredelemnul_ghost_church,
          nicolae_uskayaw_murder_on_the_dancefloor,
          mainiacjoe_overflow_six_doors_small, nicolae_overflow_quartered_altars
D:4:      minmay_evil_eye, layout_loops_cross, serial_shops, shop,
          minmay_misc_feat_square

Skill      XL: |  1  2  3  4  5 |
---------------+----------------+-----
Fire Magic     | 5 |  5.5
Dodging        | 3 |  3.1
Spellcasting   | 3 4 |  4.0
Stealth        | |  1.4
Conjurations   | |  1.8

Action                   |  1- 3 |  4- 6 || total
-------------------------+-------+-------++-------
Melee: Unarmed           |       |     1 ||     1
 Cast: Foxfire           |    11 |     4 ||    15
       Scorch            |     1 |     5 ||     6
  Use: Scroll            |       |     1 ||     1
       Potion            |       |     1 ||     1
Armor: Robe              |       |     3 ||     3
Dodge: Dodged            |     1 |     6 ||     7
